 Dungeon Crawl Stone Soup version 0.29-a0-892-g2c4c91d9db (webtiles) character file.

Game seed: 11662925406579321461

196 bande the Covered (level 5, -8/33 HPs)
             Began as a Gargoyle Fighter on July 22, 2022.
             Mangled by an ogre
             ... wielding a +0 giant club
              (26 damage)
             ... on level 4 of the Dungeon.
             The game lasted 00:05:24 (3112 turns).

bande the Covered (Gargoyle Fighter)                Turns: 3112, Time: 00:05:25

Health: -8/33      AC: 16    Str: 19    XL:     5   Next: 74%
Magic:  5/5        EV:  4    Int:  9    God:
Gold:   209        SH:  9    Dex: 11    Spells: 4/4 levels left

rFire   . . .      SeeInvis .   a - +0 war axe (freeze)
rCold   . . .      Faith    .   o - +1 kite shield
rNeg    + . .      Spirit   .   i - +0 plate armour
rPois   ∞          Reflect  .   (no helmet)
rElec   +          Harm     .   (no cloak)
rCorr   .          Rampage  .   (no gloves)
Will    .....                   (no boots)
Stlth   ..........              (no amulet)
HPRegen 0.11/turn               (no ring)
MPRegen 0.09/turn               (no ring)

@: studying Axes
A: sickness immunity, AC +4, negative energy resistance 1, electricity
resistance, torment resistance 1, petrification resistance
a: no special abilities


You were on level 4 of the Dungeon.
You visited 1 branch of the dungeon, and saw 4 of its levels.

You collected 209 gold pieces.

Inventory:

Hand Weapons
 a - a +0 war axe of freezing (weapon)
 g - a +0 flail
Armour
 i - a +0 plate armour (worn)
 o - a +1 kite shield (worn)
Scrolls
 c - a scroll of noise {unknown}
 e - 5 scrolls of teleportation
Potions
 b - a potion of brilliance {unknown}
 d - 2 potions of might
 f - 4 potions of curing
 h - a potion of degeneration {unknown}
 j - 3 potions of flight {unknown}
 k - a potion of magic {unknown}
 l - 3 potions of invisibility {unknown}
 m - a potion of berserk rage {unknown}
 n - 2 potions of mutation {unknown}
 p - a potion of ambrosia {unknown}


   Skills:
 + Level 4.1 Fighting
 + Level 4.1 Axes
 + Level 4.5 Armour
 + Level 4.2 Shields


You had 4 spell levels left.
You didn't know any spells.
Your spell library was empty.

Dungeon Overview and Level Annotations

Branches:
Dungeon (4/15)
 Temple: D:4-7

Altars:
Makhleb
The Shining One


Innate Abilities, Weirdness & Mutations

You are immune to sickness and miasma.
Your stone body is resilient. (AC +4)
You are immune to poison.
You resist negative energy. (rN+)
You are resistant to electric shocks. (rElec)
You are resistant to unholy torment.
You are immune to petrification.


Message History

c - a scroll labelled LARCHI AMMO No target in view!
No target in view!
You now have 199 gold pieces (gained 13).
k - a purple potion
Things that are here:
a +2 dagger of speed; a +0 scale mail No target in view!
You now have 209 gold pieces (gained 10).
p - an inky potion You see here a +0 trident.
You enter the shallow water.
Moving in this stuff is going to be slow.
Found 4 stones.
No target in view!
No target in view!
No target in view!
No target in view!
No target in view!
No target in view!
An ogre comes into view. It is wielding a +0 giant club.
The ogre shouts!
An ogre is nearby!
An ogre is nearby!
The ogre hits you with a +0 giant club.
You barely miss the ogre. You block the ogre's attack.
You hit the ogre. You freeze the ogre.
The ogre is lightly wounded.
You block the ogre's attack.
You barely miss the ogre.
The ogre is lightly wounded.
The ogre hits you with a +0 giant club.
You completely miss the ogre.
The ogre is lightly wounded.
The ogre hits you with a +0 giant club!
You barely miss the ogre.
The ogre is lightly wounded.
The ogre hits you with a +0 giant club!!
Ouch! That really hurt!
You die...

......#....... ..
.............##..
..... ...(..#..#
#
....##........#.#
.......!.......+
#............#
#...........#
#.....@O#
###.....## #.
#...##..##
#...####..##.....
#...............#
...###.###....##
..###...####..#
#...≈....≈....≈##
≈
≈≈≈.≈≈≈≈.≈≈≈≈...#


You could see an ogre.

Vanquished Creatures
  A scorpion (D:3)
  Jessica (D:3)
  3 adders
  2 worms
  2 dart slugs
  5 endoplasms
  3 giant cockroaches
  8 goblins
  7 hobgoblins
  4 jackals (D:3)
  3 quokkas
  6 ball pythons
  7 bats
  4 frilled lizards
  9 kobolds
  5 rats
70 creatures vanquished.

Notes
Turn   | Place    | Note
-------+----------+-------------------------------------------
     0 | D:1      | bande the Gargoyle Fighter began the quest for the Orb.
     0 | D:1      | Reached XP level 1. HP: 14/14 MP: 1/1
    85 | D:1      | Reached XP level 2. HP: 17/19 MP: 2/2
   544 | D:1      | Found a faded altar of an unknown god.
   756 | D:1      | Reached XP level 3. HP: 24/24 MP: 3/3
  1226 | D:2      | Identified a scroll of acquirement
  1226 | D:2      | Acquired a manual of Axes
  1238 | D:2      | Reached XP level 4. HP: 27/29 MP: 4/4
  1908 | D:3      | Found a glowing golden altar of the Shining One.
  1986 | D:3      | Noticed a scorpion
  1992 | D:3      | Killed a scorpion
  1993 | D:3      | Reached XP level 5. HP: 33/33 MP: 5/5
  2374 | D:3      | Noticed Jessica
  2389 | D:3      | Killed Jessica
  2974 | D:4      | Found a burning altar of Makhleb.
  3104 | D:4      | Noticed an ogre
  3112 | D:4      | Mangled by an ogre

Illustrated notes

Levels and vault maps discovered:
D:1:      dpeg_arrival_morbid_curiosity, layout_basic,
          ebering_ecumenical_altar_sacrificial, item_on_display_b
D:2:      layout_rooms, serial_corexii_hall, corexii_hall_statues_i,
          chequers_hall_statues_y, chequers_hall_statues_y,
          chequers_hall_statues_wall_a
D:3:      layout_loops_corners, mainiacjoe_overflow_surrounded_room,
          uniq_jessica
D:4:      layout_cave_pools, mainiacjoe_overflow_chevrons, minmay_fountain_box,
          chequers_serial_rivers_large_a, item_on_display_a

Skill      XL: |  1  2  3  4  5 |
---------------+----------------+-----
Axes           | 2 3 4 |  4.1
Armour         | 4 |  4.5
Fighting       | 4 |  4.1
Shields        | 4 |  4.2

Action                   |  1- 3 |  4- 6 || total
-------------------------+-------+-------++-------
Melee: War axe           |    98 |   149 ||   247
  Use: Scroll            |     2 |     5 ||     7
Armor: Scale mail        |    66 |    83 ||   149
       Plate armour      |       |     6 ||     6
Dodge: Dodged            |    57 |    52 ||   109
Block: Buckler           |    25 |    18 ||    43
       Kite shield       |       |    73 ||    73

Table legend: (Time is in decaauts)
 A = Elapsed time spent in this place.
 B = Non-inter-level travel time spent in this place.
 C = Inter-level travel time spent in this place.
 D = Time resting spent in this place.
 E = Time spent auto-exploring this place.
 F = Levels seen in this place.
 G = Mean time per level.
                   A        B        C        D        E       F      G
               +--------+--------+--------+--------+--------+-----+--------+
         Total |   3226 |   3162 |     64 |    236 |   2243 |   4 |  806.5 |
       Dungeon |   3226 |   3162 |     64 |    236 |   2243 |   4 |  806.5 |
               +--------+--------+--------+--------+--------+-----+--------+

Top non-repeatable levels by time:
     D:3: 1123 daAuts
     D:1: 1088 daAuts
     D:2: 784 daAuts
     D:4: 230 daAuts
